 Dungeon Crawl Stone Soup version 0.31-a0-166-g46f44d267d (webtiles) character file.

Game seed: 7885811691397233410

173 qw the Shooter (level 5, -1/32 HPs)
             Began as a Gargoyle Hunter on June 13, 2023.
             Slain by an orc
             ... wielding a +0 trident
              (6 damage)
             ... on level 3 of the Dungeon.
             The game lasted 00:00:46 (1765 turns).

qw the Shooter (Gargoyle Hunter)                    Turns: 1765, Time: 00:00:47

Health: -1/32      AC:  8    Str: 15    XL:     5   Next: 53%
Magic:  5/5        EV: 11    Int:  9    God:
Gold:   122        SH:  5    Dex: 15    Spells: 4/4 levels left

rFire   . . .        Y - +0 shortbow
rCold   . . .        (shield currently unavailable)
rNeg    + . .        c - +0 leather armour
rPois   inf          (no helmet)
rElec   +            (no cloak)
rCorr   .            f - +0 pair of gloves
SInv    .            (no boots)
Will    .....        n - amulet of reflection
Stlth   ++           (no ring)
HPRegen 0.25/turn    (no ring)
MPRegen 0.09/turn

%: reflection
@: no status effects
A: sickness immunity, AC +4, negative energy resistance 1, electricity
resistance, torment resistance 1, petrification resistance
a: no special abilities


You were on level 3 of the Dungeon.
You visited 1 branch of the dungeon, and saw 3 of its levels.

You collected 122 gold pieces.


Innate Abilities, Weirdness & Mutations

You are immune to sickness and miasma.
Your stone body is resilient. (AC +4)
You are immune to poison.
You resist negative energy. (rN+)
You are resistant to electric shocks. (rElec)
You are resistant to unholy torment.
You are immune to petrification.


   Skills:
 + Level 3.0 Fighting
 - Level 6.0 Ranged Weapons
 - Level 1.9 Armour
 - Level 1.5 Dodging
 - Level 1.1 Stealth


You had 4 spell levels left.
You didn't know any spells.
Your spell library was empty.

Inventory:

Hand Weapons
 Y - a +0 shortbow (weapon)
Armour
 c - a +0 leather armour (worn)
 f - a +0 pair of gloves (worn)
Jewellery
 a - a ring of willpower
 n - an amulet of reflection (around neck)
Scrolls
 i - a scroll of identify
Potions
 b - a potion of might {unknown}
 d - a potion of mutation {unknown}
 e - a potion of degeneration {unknown}
 g - a potion of berserk rage {unknown}
 h - a potion of curing {unknown}
 l - a potion of lignification

Dungeon Overview and Level Annotations

Branches:
Dungeon (3/15)

Altars:


Message History

Beogh smites you!
You shoot an arrow.
The arrow hits the orc priest but does no damage.
The orc priest is heavily wounded.
The orc priest barely misses you.
You shoot an arrow. The arrow hits the orc priest.
The orc priest is severely wounded.
The orc priest closely misses you.
The orc wizard gestures wildly while chanting.
The orc wizard flickers and vanishes!
Deactivating autopickup; reactivate with Ctrl-A.
The orc priest barely misses you.
You shoot an arrow. The arrow hits the orc priest.
The orc priest is almost dead.
The orc priest hits you but does no damage.
The orc misses you.
You shoot an arrow. The arrow hits the orc priest!
You kill the orc priest!
The orc throws a boomerang.
Your Armour skill increases to level 1!
You shoot an arrow. The arrow hits the goblin.
You kill the goblin!
Something hits you but does no damage.
The orc throws a boomerang.
The boomerang barely misses you.
You shoot an arrow. Something hits you but does no damage. The orc misses you.
You shoot an arrow. The arrow closely misses the orc.
Something hits you. You block the orc's attack.
You shoot an arrow. The arrow hits the orc.
The orc is heavily wounded.
Something barely misses you.
The orc throws a boomerang.
You block the boomerang with an invisible shield... and reflect it back!
You shoot an arrow.
The arrow hits the orc but does no damage.
The orc is heavily wounded.
You hear some strange, mumbled words.
A puff of flame appears from out of thin air!
The puff of flame hits you. The orc closely misses you. Something hits you.
The orc hits you from afar with a +0 trident.
You die...

#.#
###.##
#....#
+....##.#
#####
#.###
#...#
###.# #.#
#@# #{#


.ooo.oo)# #######.# #.# #.# ..# #.# #.. You could see an orc.

Vanquished Creatures
  An orc priest (D:3)
  5 gnolls
  3 adders (D:2)
  A worm (D:2)
  4 dart slugs (D:1)
  3 endoplasms
  3 giant cockroaches
  8 goblins
  6 hobgoblins
  4 kobolds
  2 quokkas
  7 ball pythons
  5 bats
  A frilled lizard (D:2)
  3 rats
56 creatures vanquished.

Notes
Turn   | Place    | Note
-------+----------+-------------------------------------------
     0 | D:1      | qw the Gargoyle Hunter began the quest for the Orb.
     0 | D:1      | Reached XP level 1. HP: 12/12 MP: 1/1
     0 | D:1      | 0 ||| qw: Version: 0.2-a-29-gc1b59c4
     0 | D:1      | 0 ||| qw: Game counter: 4818
     0 | D:1      | 0 ||| qw: Always use a shield: true
     0 | D:1      | 0 ||| qw: God list: Okawaru
     0 | D:1      | 0 ||| qw: Allow faded altars: false
     0 | D:1      | 0 ||| qw: Do Orc after D:15 true
     0 | D:1      | 0 ||| qw: Do second Lair branch before Depths: true
     0 | D:1      | 0 ||| qw: Lair rune preference: random
     0 | D:1      | 0 ||| qw: Plans: Normal, Zot:1-4, Slime:5, God:TSO, Crypt,
                  | Tomb, Abyss, Pan, Hells, Win
     0 | D:1      | 0 ||| PLANNING D:1-11
    23 | D:1      | Reached XP level 2. HP: 7/17 MP: 2/2
    41 | D:1      | 41 ||| FLEEEEING.
   151 | D:1      | Reached XP level 3. HP: 21/21 MP: 3/3
   158 | D:1      | Reached skill level 5 in Ranged Weapons
   450 | D:1      | Reached skill level 3 in Fighting
   686 | D:1      | 686 ||| UPGRADING to +0 pair of gloves.
   691 | D:1      | 691 ||| DROPPING scroll of butterflies.
   743 | D:2      | Reached XP level 4. HP: 26/28 MP: 4/4
  1002 | D:2      | HP: 7/28 [gnoll/+0 halberd (10)]
  1008 | D:2      | Reached XP level 5. HP: 9/32 MP: 5/5
  1176 | D:2      | Reached skill level 6 in Ranged Weapons
  1465 | D:2      | Found a faded altar of an unknown god.
  1466 | D:2      | 1466 ||| UPGRADING to amulet of reflection.
  1471 | D:2      | 1471 ||| READING scroll labelled BEZUEXE FIPAYX.
  1572 | D:2      | 1572 ||| READING scroll labelled SIXAKU LEBUNOG.
  1575 | D:2      | 1575 ||| READING scroll labelled LACOYM DESAC.
  1576 | D:2      | 1576 ||| READING scroll labelled XENIUTHR ELUM.
  1577 | D:2      | 1577 ||| READING scroll labelled QIMO FINWIFI.
  1578 | D:2      | 1578 ||| READING scroll labelled XOEG ZO DIU.
  1579 | D:2      | 1579 ||| READING scroll labelled BAPSER DYITORE.
  1580 | D:2      | 1580 ||| DRINKING 2 glowing grey potions.
  1750 | D:3      | 1750 ||| Stepping ~*~*~tactically~*~*~ (outnumbered).
  1761 | D:3      | Reached skill level 1 in Armour
  1765 | D:3      | HP: 7/32 [something/puff of flame (4)]
  1765 | D:3      | Slain by an orc

Levels and vault maps discovered:
D:1:      ncdulo_wetmaze, layout_basic
D:2:      layout_basic, shapermc_ecumenical_altar_mp_vishouse,
          minmay_pentomino_o2
D:3:      layout_loops_ring, serial_shops, nicolae_shop_rolling_square,
          lightli_corner_chamber

Skill      XL: |  1  2  3  4  5 |
---------------+----------------+-----
Ranged Weapons | 5 6 |  6.0
Fighting       | 3 |  3.0
Armour         | 1 |  1.9
Dodging        | |  1.5
Stealth        | |  1.1

Action                     |  1- 3 |  4- 6 || total
---------------------------+-------+-------++-------
   Fire: Shortbow          |   102 |    83 ||   185
    Use: Scroll            |       |     7 ||     7
         Potion            |       |     1 ||     1
 Armour: Leather armour    |    17 |    14 ||    31
  Dodge: Dodged            |    21 |    21 ||    42
  Block: Other             |       |     2 ||     2
         Reflection        |       |     1 ||     1

Table legend:
 A = Non-vault XP
 B = Vault XP
 C = Vault XP percentage of total XP
 D = Non-vault monster count
 E = Vault monster count
 F = Vault count percentage of total count
                 A         B        C        D         E       F
            +---------+---------+-------+---------+---------+-------
      Total |     234 |      14 |   5.6 |      54 |       2 |   3.6
            +---------+---------+-------+---------+---------+-------
        D:1 |      74 |       0 |   0.0 |      30 |       0 |   0.0
        D:2 |     114 |      14 |  10.9 |      22 |       2 |   8.3
        D:3 |      46 |       0 |   0.0 |       2 |       0 |   0.0
            +---------+---------+-------+---------+---------+-------
